 Dungeon Crawl Stone Soup version 0.27.0-1-g7a089689b8 (webtiles) character file.

Game seed: 2487631723238791413

63 pkoi the Insei (level 4, -2/38 HPs)
             Began as a Naga Transmuter on Aug 10, 2021.
             Slain by an orc (3 damage)
             ... on level 3 of the Dungeon.
             The game lasted 00:01:59 (2635 turns).

pkoi the Insei (Naga Transmuter)                    Turns: 2635, Time: 00:02:00

Health: -2/38      AC:  3    Str: 12    XL:     4   Next: 10%
Magic:  6/7        EV: 10    Int: 13    God:
Gold:   105        SH:  0    Dex: 13    Spells: 6/7 levels left

rFire    . . .     SeeInvis +     - Unarmed
rCold    . . .     Faith    .   (no shield)
rNeg     . . .     Spirit   .   a - +0 robe
rPois    +         Reflect  .   b - +0 helmet
rElec    .         Harm     .   (no cloak)
rCorr    .         Rampage  .   (no gloves)
Will     .....                  (no barding)
Stlth    +.........             (no amulet)
HPRegen  0.12/turn              c - ring of flight
MPRegen  0.10/turn              (no ring)

@: flying, very slightly contaminated, very slow
A: AC +1, large, see invisible, deformed body, poison resistance, slowness 2,
spit poison 1, naga tail 1
a: Spit Poison


You were on level 3 of the Dungeon.
You visited 1 branch of the dungeon, and saw 3 of its levels.

You collected 105 gold pieces.

Inventory:

Armour
 a - a +0 robe (worn)
 b - a +0 helmet (worn)
Jewellery
 c - a ring of flight (left hand)
Scrolls
 f - a scroll of silence {unknown}
 g - a scroll of enchant armour {unknown}
Potions
 d - a potion of curing {unknown}
 e - 2 potions of mutation {unknown}
 h - a potion of attraction {unknown}


   Skills:
 - Level 1.0 Fighting
 - Level 1.5 Dodging
 + Level 4.8 Unarmed Combat
 - Level 2.0 Spellcasting
 - Level 2.0 Transmutations


You had 6 spell levels left.
You knew the following spells:

 Your Spells              Type           Power      Damage    Failure   Level
a - Beastly Appendage     Tmut           12%        N/A       11%         1

Your spell library contained the following spells:

 Spells                   Type           Power      Damage    Failure   Level
 Wereblood                Tmut           6%         N/A       17%         2
 Spider Form              Tmut/Pois      1%         N/A       45%         3
 Ice Form                 Ice/Tmut       3%         N/A       86%         4


Dungeon Overview and Level Annotations

Branches:
Dungeon (3/15)

Altars:
Makhleb
Uskayaw

Annotations:
D:2 1 runed translucent door, Crazy Yiuf


Innate Abilities, Weirdness & Mutations

Your serpentine skin is tough. (AC +1)
You have supernaturally acute eyesight. (SInv)
Armour fits poorly on your strangely shaped body.
Your system is resistant to poisons. (rPois)
You cover ground very slowly.
You can spit poison.
You have a snake-like lower body.


Message History

The adder bites you.
You hit the adder.
The adder is moderately wounded.
The adder bites you but does no damage.
You hit the adder.
The adder is severely wounded.
The adder bites you but does no damage.
You miss the adder.
The adder is severely wounded.
The adder bites you.
You miss the adder.
The adder is severely wounded.
The adder bites you but does no damage. The adder bites you.
You miss the adder.
The adder is severely wounded.
The adder bites you.
You hit the adder.
You kill the adder!
You have reached level 4!
You feel agile.
You closely miss the orc. You closely miss the orc.
The orc hits you with a +0 short sword.
You closely miss the orc. The orc hits you with a +0 short sword.
* * * LOW HITPOINT WARNING * * *
Casting: Beastly Appendage (safe; 11% risk of failure)
Confirm with . or Enter, or press ? or * to list all spells.
You miscast Beastly Appendage.
You are very lightly contaminated with residual magic.
Nothing appears to happen.
You closely miss the orc. The orc hits you with a +0 short sword.
* * * LOW HITPOINT WARNING * * *
The orc barely misses you.
You hit the orc.
The orc is severely wounded.
The orc completely misses you. The orc misses you.
Unknown command.
The orc hits you with a +0 short sword.
* * * LOW HITPOINT WARNING * * *
The orc hits you with a +0 short sword.
You die...

# #. ##.## ###
..... ..# ....##.#
### #..#.# ..#
##...########.#
#.#
#....wBo@.....#
#.#
#..####o#.#####
##.## #.. #.#.#
##...## ##.
#.#.########.###.#
.B #.#..........#
#.## .#
#.#########..#
#... ## #.#
#.#<..### #.#
###.##.#### #.#
####..........


You could see a worm, 2 orcs and a giant cockroach.

Vanquished Creatures
  3 adders
  4 ball pythons
  4 endoplasms
  4 goblins
  3 hobgoblins (D:1)
  2 jackals (D:3)
  A kobold (D:2)
  5 quokkas
  3 bats
  A frilled lizard (D:1)
30 creatures vanquished.

Vanquished Creatures (others)
  A fungus (D:2)
1 creature vanquished.

Grand Total: 31 creatures vanquished

Notes
Turn   | Place    | Note
-------+----------+-------------------------------------------
     0 | D:1      | pkoi the Naga Transmuter began the quest for the Orb.
     0 | D:1      | Reached XP level 1. HP: 18/18 MP: 3/3
   562 | D:1      | Reached XP level 2. HP: 12/25 MP: 5/5
  1684 | D:2      | Reached skill level 4 in Unarmed Combat
  1866 | D:2      | Reached XP level 3. HP: 31/31 MP: 6/6
  2259 | D:2      | Found a runed translucent door.
  2260 | D:2      | Noticed Crazy Yiuf
  2554 | D:3      | Found a burning altar of Makhleb.
  2554 | D:3      | Noticed a blizzard demon
  2560 | D:3      | Found a hide-covered altar of Uskayaw.
  2629 | D:3      | Reached XP level 4. HP: 16/38 MP: 7/7
  2635 | D:3      | HP: 1/38 [orc (4)]
  2635 | D:3      | Slain by an orc

Illustrated notes

Levels and vault maps discovered:
D:1:      ncdulo_smallfort, layout_rooms
D:2:      layout_loops_ring, uniq_crazy_yiuf_cottage
D:3:      layout_loops_ring, mainiacjoe_overflow_concentric_impassable,
          makhleb_altar_promises_db, portal_sewer_entry_b,
          minmay_misc_feat_ornament, minmay_between

Skill      XL: |  1  2 |
---------------+-------+-----
Unarmed Combat | 4 |  4.8
Fighting       | |  1.0
Dodging        | |  1.5
Spellcasting   | |  2.0
Transmutations | |  2.0

Action                   |  1- 3 |  4- 6 || total
-------------------------+-------+-------++-------
Melee: Unarmed           |   128 |     5 ||   133
       Headbutt          |     1 |       ||     1
       Punch             |     3 |       ||     3
 Cast: Beastly Appendage |     1 |       ||     1
Armor: Robe              |    37 |       ||    37
Dodge: Dodged            |    46 |     3 ||    49
